 Dungeon Crawl Stone Soup version 0.26.0-3-g156281e41b (webtiles) character file.

Game seed: 14051355450903068260

115 Destapler the Ruffian (level 4, 0/45 HPs)
             Began as a Troll Berserker on Jan 9, 2021.
             Was a Believer of Trog.
             Slain by Sigmund
             ... wielding a +0 scythe
              (10 damage)
             ... on level 2 of the Dungeon.
             The game lasted 00:05:17 (1165 turns).

Destapler the Ruffian (Troll Berserker)             Turns: 1165, Time: 00:05:18

Health: 0/45       AC:  3    Str: 26    XL:     4   Next: 68%
Magic:  3/3        EV: 10    Int:  3    God:    Trog [**....]
Gold:   83         SH:  0    Dex:  9    Spells: 3/3 levels left

rFire    + . .     SeeInvis .     - Unarmed
rCold    . . .     Faith    .   (no shield)
rNeg     . . .     Spirit   .   a - +1 animal skin
rPois    .         Reflect  .   (helmet restricted)
rElec    .         Harm     .   (no cloak)
rCorr    .         Rampage  .   (gloves unavailable)
Will     ++...                  (boots unavailable)
Stlth    +.........             (no amulet)
HPRegen  1.55/turn              o - -4 ring of protection (curse)
MPRegen  0.08/turn              (no ring)

@: brilliant, berserk cooldown, very slightly contaminated, regenerating
(expiring), slowed, invisible, very slow
A: large, unfitting armour, claws 3, blurry vision 1, deterioration 1, fire
resistance 1, regeneration 1, shaggy fur 1, tough skin 3
a: Renounce Religion, Berserk, Trog's Hand


You were on level 2 of the Dungeon.
You worshipped Trog.
Trog was pleased with you.
You visited 1 branch of the dungeon, and saw 2 of its levels.

You collected 83 gold pieces.

Inventory:

Missiles
 j - 16 poisoned darts
Armour
 a - a +1 animal skin (worn)
Jewellery
 o - a cursed -4 ring of protection (left claw)
Scrolls
 c - a scroll of identify
 d - 2 scrolls of enchant armour
Potions
 b - 3 potions of flight
 e - a potion of degeneration {unknown}
 g - a potion of curing {unknown}
 h - a potion of magic


   Skills:
 + Level 3.1 Fighting
 + Level 1.7 Armour
 - Level 3.0 Dodging
 + Level 3.7 Unarmed Combat


You had 3 spell levels left.
You didn't know any spells.
Your spell library was empty.

Dungeon Overview and Level Annotations

Branches:
Dungeon (2/15)

Altars:
Cheibriados

Annotations:
D:2 Sigmund


Innate Abilities, Weirdness & Mutations

You are too large for most types of armour.
You have claws for hands.
Your natural rate of healing is unusually fast.
You are covered in fur. (AC +1)
You have extremely tough skin. (AC +3)
Scrolls take you a little longer to read.
Your body sometimes deteriorates upon taking damage.
Your flesh is heat resistant. (rF+)


Message History

It was a potion of mutation.
You feel extremely strange.
Your vision blurs.
You feel yourself wasting away.
You feel resistant to heat. Sigmund casts a spell at you.
You resist with almost no effort.
It was a potion of magic.
Magic courses through your body. Sigmund hits you with a +0 scythe.
* * * LOW HITPOINT WARNING * * *
It was a potion of invisibility.
You fade into invisibility!
You feel the effects of Trog's Hand fading.
Sigmund hits you with a +0 scythe.
* * * LOW HITPOINT WARNING * * *
You are very lightly contaminated with residual magic.
It was a potion of berserk rage.
You're still recovering from your berserk rage.
Sigmund completely misses you.
It was a potion of brilliance.
You feel clever all of a sudden. Sigmund hits you with a +0 scythe!
You die...

#####
#...############.# ##
#...........@@...#
######.
#...#################
#......
##.###......<.......#
#...... #.#
#.############.#
#.####. ##.###.#
###[###.# #. #......#
#.....†.# #. #..#####
#.#.###.####. ###..#
#######.#..........
#....#
#.......#####.####.


You could see Sigmund.

Vanquished Creatures
  Jessica (D:2)
  Terence (D:2)
  3 adders (D:2)
  A worm (D:2)
  2 dart slugs
  3 leopard geckos
  4 goblins
  A hobgoblin (D:2)
  3 kobolds
  3 bats
  6 frilled lizards
  7 rats
35 creatures vanquished.

Notes
Turn   | Place    | Note
-------+----------+-------------------------------------------
     0 | D:1      | Destapler the Troll Berserker began the quest for the Orb.
     0 | D:1      | Reached XP level 1. HP: 22/22 MP: 0/0
   145 | D:1      | Reached XP level 2. HP: 29/29 MP: 1/1
   664 | D:2      | Noticed Terence
   670 | D:2      | Killed Terence
   671 | D:2      | Reached skill level 1 in Armour
   671 | D:2      | Reached XP level 3. HP: 36/36 MP: 2/2
   822 | D:2      | Reached ** piety under Trog
   837 | D:2      | Found a snail-covered altar of Cheibriados.
   909 | D:2      | Reached XP level 4. HP: 44/44 MP: 3/3
  1072 | D:2      | Noticed Jessica
  1078 | D:2      | Killed Jessica
  1145 | D:2      | Noticed Sigmund
  1158 | D:2      | HP: 2/45 [Sigmund/+0 scythe (7)]
  1161 | D:2      | Gained mutation: Scrolls take you a little longer to read.
                  | [potion of mutation]
  1161 | D:2      | Gained mutation: Your body sometimes deteriorates upon
                  | taking damage. [potion of mutation]
  1161 | D:2      | Gained mutation: Your flesh is heat resistant. (rF+)
                  | [potion of mutation]
  1165 | D:2      | Slain by Sigmund

Illustrated notes

Levels and vault maps discovered:
D:1:      dpeg_arrival_tiny_a, layout_loops_ring, minmay_octomino_e4
D:2:      layout_loops_ring, kennysheep_slug_shrine, bh_walls_and_bars,
          uniq_sigmund, uniq_terence, uniq_jessica

Skill      XL: |  1  2  3  4 |
---------------+-------------+-----
Armour         | 1 |  1.7
Fighting       | 3 |  3.1
Dodging        | 3 |  3.0
Unarmed Combat | |  3.7

Action                   |  1- 3 |  4- 6 || total
-------------------------+-------+-------++-------
Melee: Unarmed           |    62 |    33 ||    95
       Punch             |       |     1 ||     1
Invok: Berserk           |     2 |     2 ||     4
       Trog's Hand       |       |     1 ||     1
  Use: Scroll            |       |     5 ||     5
       Potion            |       |     5 ||     5
Armor: Animal skin       |    23 |    11 ||    34
Dodge: Dodged            |    27 |    16 ||    43
